 Dungeon Sprint DCSS version 0.31-a0-846-gb3bcc0d938 (webtiles) character file.

Game seed: 3299385862872873529

9582 sircluck the Brawler (level 11, 0/127 HPs)
             Began as a Troll Berserker on Oct 3, 2023.
             Was the Champion of Trog.
             Slain by a demonic crawler (17 damage)
             ... in the Dungeon (Sprint I: "Red Sonja").
             The game lasted 00:04:58 (868 turns).

sircluck the Brawler (Troll Berserker)               Turns: 868, Time: 00:04:59

Health: 0/127      AC:  4    Str: 32    XL:     11   Next: 24%
Magic:  10/10      EV: 16    Int:  2    God:    Trog [******]
Gold:   430        SH:  0    Dex: 15    Spells: 10/10 levels left

rFire   . .          .
                       - Unarmed
rCold   x . .        (no shield)
rNeg    + . .        m - +0 troll leather armour
rPois   +            (helmet restricted)
rElec   .            (no cloak)
rCorr   .            (gloves unavailable)
SInv    +            (boots unavailable)
Will    .....        p - amulet of regeneration
Stlth   ++           q - ring of Jamegg {rPois rC- rN+ Str+2 SInv}
HPRegen 2.81/turn    (no ring)
MPRegen 0.12/turn

%: no teleportation, clarity
@: no status effects
A: large, unfitting armour, claws 3, regeneration 1, shaggy fur 1, tough skin 1,
thin skeletal structure 1, agile 1, clarity, deformed body, screaming 1
a: Renounce Religion, Berserk, Trog's Hand, Brothers in Arms


You were in the Dungeon.
You worshipped Trog.
Trog was exalted by your worship.
You visited 1 branch You collected 1525 gold pieces.
You spent 1095 gold pieces at shops.

Inventory:

Missiles
 o - 4 stones
Armour
 a - a +0 animal skin
 m - a +0 troll leather armour (worn)
Jewellery
 i - an amulet of guardian spirit
 p - an amulet of regeneration (around neck)
 q - the ring of Jamegg (left claw) {rPois rC- rN+ Str+2 SInv}
   (You bought it in a shop in the Dungeon)

   [ring of positive energy]

   Str+2:     It affects your strength (+2).
   rC-:       It makes you vulnerable to cold.
   rPois:     It protects you from poison rN+: It protects you from negative
   energy.
   SInv:      It lets you see invisible.
Wands
 h - a wand of paralysis (6)
Scrolls
 g - a scroll of enchant weapon {unknown}
 j - a scroll of fear {unknown}
 l - a scroll of amnesia
 n - 2 scrolls of identify {unknown}
Potions
 b - 4 potions of curing
 c - 2 potions of heal wounds
 d - a potion of haste
 e - 2 potions of magic
 f - a potion of berserk rage
 k - a potion of attraction {unknown}


   Skills:
 + Level 13.4 Fighting
 + Level 7.4 Armour
 + Level 13.3 Dodging
 + Level 15.6 Unarmed Combat


You had 10 spell levels left.
You didn't know any spells.
Your spell library was empty.

Dungeon Overview and Level Annotations

Branches:
Dungeon (1/1)

Altars:
Cheibriados
Dithmenos
Elyvilon
Fedhas
Gozag
Hepliaklqana
Kikubaaqudgha
Makhleb
Nemelex Xobeh
Okawaru
Qazlal
Ru
Sif Muna
Trog
Uskayaw
Vehumet
Wu Jian
Xom
Yredelemnul
Zin
The Shining One
Jiyva
Lugonu

Shops:
D *(!?(*?::(**?((!=(*[*


Innate Abilities, Weirdness & Mutations

You are too large for most types of armour.
You have claws for hands.
Your natural rate of healing is unusually fast.
You are covered in fur. (AC +1)
You have tough skin. (AC +1)
You have a somewhat thin skeletal structure. (Dex +2, Stealth+)
You are agile. (Dex +4, Str/Int -1)
You possess an exceptional clarity of mind.
Armour fits poorly on your strangely shaped body.
You occasionally shout uncontrollably at your foes.


Message History

The demonic crawler misses you. The demonic crawler hits you!
The demonic crawler hits you.
The demonic crawler completely misses you.
The demonic crawler hits you but does no damage.
The demonic crawler hits you!
You claw the demonic crawler! You claw the demonic crawler.
The demonic crawler is moderately wounded.
The demonic crawler closely misses you. The demonic crawler hits you.
The demonic crawler misses you. The demonic crawler closely misses you.
The demonic crawler hits you! The demonic crawler closely misses you.
Your troll bites the demonic crawler.
Your troll barely misses the demonic crawler.
Your troll claws the demonic crawler.
You claw the demonic crawler!
The demonic crawler is heavily wounded.
The demonic crawler barely misses you. The demonic crawler hits you!
The demonic crawler hits you but does no damage. x2
The demonic crawler misses you. The demonic crawler hits you!
Your troll bites the demonic crawler.
Your troll claws the demonic crawler! x2
You scratch the demonic crawler but do no damage.
The demonic crawler is severely wounded.
The demonic crawler barely misses you. The demonic crawler hits you! x2
Your troll bites the demonic crawler.
Your troll claws the demonic crawler!
Your troll claws the demonic crawler!!
The demonic crawler dies!
Trog accepts your kill. The demonic crawler hits you.
* * * LOW HITPOINT WARNING * * *
The demonic crawler misses you. The demonic crawler hits you.
* * * LOW HITPOINT WARNING * * *
You swap places.
Your troll bites the demonic crawler but does no damage.
Your troll claws the demonic crawler.
Your troll barely misses the demonic crawler.
The demonic crawler attacks as it pursues you!
The demonic crawler hits you but does no damage.
The demonic crawler hits you!
* * * LOW HITPOINT WARNING * * *
The demonic crawler hits you!
You die...

###################**************
).#..'..#__#..')..#,,*,,,,+,,,,,,
..').#..'..'..#)@s##+#,****,,,,,*
#'#####'#__####..T's.#,*,***,,,**
..#...#.####§.#####s.+,*+*,***+*,
###..##.#§~§.§#§.#*+##**,,,*,*,**
__##'#_.'§§~§§§†§#,,,,,*,,,***,,*
...'..._#§§~§)#.§#,,,,,+,,,,,**,*
__##_.#'##'#####§###,,,*,,,,,*,,*
__###'#.#.)..###.'.#,,,***++**,**
#####.####÷###[###.#,,***,,***,,*


You could see 3 demonic crawlers and a friendly troll (summoned, berserk).

Vanquished Creatures
  2 centaur warriors (D)
  Sonja (D)
  A deep troll (D)
  An oklob plant (D)
  An unseen horror (D)
  2 kobold demonologists (D)
  A hornet (D)
  Sigmund (D)
  A slime creature (D)
  A yak (D)
  2 redbacks (D)
  2 floating eyes (D)
  An ogre (D)
  3 necrophages (D)
  2 jellies (D)
  Ijyb (D)
23 creatures vanquished.

Vanquished Creatures (collateral kills)
  A demonic crawler (D)
  8 shining eyes (D)
  An unseen horror (D)
  4 floating eyes (D)
  4 necrophages (D)
  6 jellies (D)
24 creatures vanquished.

Vanquished Creatures (others)
  2 ballistomycete spores (D)
2 creatures vanquished.

Grand Total: 49 creatures vanquished

Notes
Turn   | Place    | Note
-------+----------+-------------------------------------------
     0 | D        | sircluck the Troll Berserker began the quest for the Orb.
     0 | D        | Reached XP level 1. HP: 22/22 MP: 0/0
     1 | D        | Noticed Ijyb
     8 | D        | Killed Ijyb
     9 | D        | Reached skill level 4 in Unarmed Combat
     9 | D        | Reached XP level 2. HP: 32/32 MP: 1/1
    14 | D        | Noticed an ogre
    20 | D        | Killed an ogre
    21 | D        | Reached skill level 5 in Fighting
    21 | D        | Reached skill level 5 in Unarmed Combat
    21 | D        | Reached XP level 3. HP: 42/42 MP: 2/2
    21 | D        | Reached XP level 4. HP: 50/50 MP: 3/3
    33 | D        | Noticed Sigmund
    43 | D        | Killed Sigmund
    43 | D        | Reached ** piety under Trog
    44 | D        | Reached skill level 7 in Unarmed Combat
    44 | D        | Reached XP level 5. HP: 59/61 MP: 4/4
    58 | D        | Found a burning altar of Makhleb.
    58 | D        | Found a viscous altar of Jiyva.
    58 | D        | Found a shimmering altar of Xom.
    58 | D        | Found a corrupted altar of Lugonu.
    58 | D        | Noticed a slime creature
    64 | D        | Killed a slime creature
    65 | D        | Reached skill level 8 in Unarmed Combat
    65 | D        | Reached XP level 6. HP: 71/71 MP: 5/5
   208 | D        | Found an ornate altar of the Wu Jian Council.
   208 | D        | Found a shimmering blue altar of Sif Muna.
   210 | D        | Found a radiant altar of Vehumet.
   215 | D        | Reached skill level 9 in Unarmed Combat
   244 | D        | Found Becwumm's Magic Scroll Emporium.
   244 | D        | Found an ancient bone altar of Kikubaaqudgha.
   244 | D        | Found a hazy altar of Hepliaklqana.
   244 | D        | Found a hide-covered altar of Uskayaw.
   244 | D        | Found a basalt altar of Yredelemnul.
   244 | D        | Found an opulent altar of Gozag.
   244 | D        | Found a snail-covered altar of Cheibriados.
   244 | D        | Found a sacrificial altar of Ru.
   244 | D        | Found a shadowy altar of Dithmenos.
   244 | D        | Noticed a yak
   245 | D        | Found a stormy altar of Qazlal.
   245 | D        | Found a blossoming altar of Fedhas.
   245 | D        | Found a bloodstained altar of Trog.
   245 | D        | Found an iron altar of Okawaru.
   245 | D        | Found a glowing golden altar of the Shining One.
   245 | D        | Found a glowing silver altar of Zin.
   245 | D        | Found a white marble altar of Elyvilon.
   251 | D        | Killed a yak
   251 | D        | Reached *** piety under Trog
   252 | D        | Reached XP level 7. HP: 56/80 MP: 6/6
   274 | D        | Found a sparkling altar of Nemelex Xobeh.
   302 | D        | Noticed a kobold demonologist
   302 | D        | Noticed a kobold demonologist
   311 | D        | Killed a kobold demonologist
   312 | D        | Reached skill level 10 in Unarmed Combat
   315 | D        | Killed a kobold demonologist
   315 | D        | Reached **** piety under Trog
   316 | D        | Reached skill level 11 in Unarmed Combat
   316 | D        | Reached XP level 8. HP: 89/92 MP: 7/7
   339 | D        | Noticed a centaur warrior
   339 | D        | Noticed a centaur warrior
   346 | D        | Killed a centaur warrior
   347 | D        | Reached skill level 10 in Fighting
   347 | D        | Reached skill level 10 in Dodging
   350 | D        | Killed a centaur warrior
   351 | D        | Reached skill level 12 in Unarmed Combat
   351 | D        | Reached XP level 9. HP: 52/102 MP: 8/8
   414 | D        | Noticed a deep troll
   419 | D        | Killed a deep troll
   420 | D        | Reached skill level 13 in Unarmed Combat
   437 | D        | Found Efialion's Armour Emporium.
   475 | D        | Reached skill level 1 in Armour
   486 | D        | Noticed an oklob plant
   495 | D        | Killed an oklob plant
   495 | D        | Reached ***** piety under Trog
   565 | D        | Reached XP level 10. HP: 115/115 MP: 9/9
   584 | D        | Received a gift from Trog
   589 | D        | Reached skill level 14 in Unarmed Combat
   591 | D        | Reached ****** piety under Trog
   594 | D        | Received a gift from Trog
   606 | D        | Identified the +10 lajatang of Postryggo {venom, rC+}
   616 | D        | Found Wuriz's Book Shoppe.
   616 | D        | Found Uklup's Magic Scroll Shop.
   616 | D        | Found Xihov's Book Boutique.
   618 | D        | Found Qaevopn's Weapon Emporium.
   618 | D        | Found Ugaiv's Assorted Antiques.
   618 | D        | Found Juan's Assorted Antiques.
   618 | D        | Found Vemur's Magic Scroll Boutique.
   618 | D        | Found Zifayx's Antique Weapon Emporium.
   618 | D        | Found Nyck's Weapon Shop.
   618 | D        | Found Vekhlul's Distillery.
   622 | D        | Found Nustram's Jewellery Boutique.
   623 | D        | Found Ohonos's General Store.
   623 | D        | Found Hoeping's Weapon Boutique.
   624 | D        | Found Plog's General Store.
   626 | D        | Found Muusch's General Store.
   626 | D        | Found Huinec's Weapon Shop.
   626 | D        | Noticed a shining eye
   626 | D        | Noticed a shining eye
   627 | D        | Bought a lumpy cameo amulet for 115 gold pieces
   637 | D        | Bought an amulet of regeneration for 420 gold pieces
   637 | D        | Bought the ring of Jamegg {rPois rC- rN+ Str+2 SInv} for
                  | 456 gold pieces
   687 | D        | Noticed Sonja
   696 | D        | Killed Sonja
   761 | D        | Found Fosiff's General Store.
   770 | D        | Noticed a shining eye
   770 | D        | Noticed a shining eye
   771 | D        | Paralysed by a floating eye for 3 turns
   771 | D        | Gained mutation: You are weak. (Str -2) [a shining eye]
   772 | D        | Gained mutation: You are partially covered in iridescent
                  | scales. (AC +2) [a shining eye]
   774 | D        | Reached skill level 5 in Armour
   776 | D        | Gained mutation: Armour fits poorly on your strangely
                  | shaped body. [a shining eye]
   777 | D        | Killed a shining eye
   779 | D        | Killed a shining eye
   779 | D        | Killed a shining eye
   781 | D        | Noticed a shining eye
   782 | D        | Noticed a shining eye
   782 | D        | Noticed a shining eye
   784 | D        | Killed a shining eye
   785 | D        | Reached skill level 15 in Unarmed Combat
   787 | D        | Killed a shining eye
   788 | D        | Reached XP level 11. HP: 127/127 MP: 10/10
   788 | D        | Killed a shining eye
   788 | D        | Received a gift from Trog
   792 | D        | Noticed a shining eye
   796 | D        | Gained mutation: You have hidden genetic defects. [a
                  | shining eye]
   797 | D        | Gained mutation: You occasionally shout uncontrollably at
                  | your foes. [a shining eye]
   800 | D        | Killed a shining eye
   803 | D        | Killed a shining eye
   810 | D        | Found Itaunug's Weapon Shoppe.
   810 | D        | Found Kakeuc's Distillery.
   818 | D        | Bought a potion of mutation for 104 gold pieces
   827 | D        | Lost mutation: You are weak. (Str -2) [potion of mutation]
   827 | D        | Lost mutation: You are partially covered in iridescent
                  | scales. (AC +2) [potion of mutation]
   827 | D        | Gained mutation: You are agile. (Dex +4, Str/Int -1)
                  | [potion of mutation]
   827 | D        | Lost mutation: You have hidden genetic defects. [potion of
                  | mutation]
   827 | D        | Gained mutation: You possess an exceptional clarity of
                  | mind. [potion of mutation]
   827 | D        | Gained mutation: You have a somewhat thin skeletal
                  | structure. (Dex +2, Stealth+) [potion of mutation]
   863 | D        | Noticed a demonic crawler
   863 | D        | Noticed a demonic crawler
   863 | D        | Noticed a demonic crawler
   863 | D        | Noticed a demonic crawler
   867 | D        | Killed a demonic crawler
   868 | D        | Slain by a demonic crawler

Illustrated notes

Levels and vault maps discovered:
D:        dungeon_sprint_1 [red_sonja_temple_1, red_sonja_temple_small_1]

Skill      XL: |  1  2  3  4  5  6  7  8  9 10 11 |
---------------+----------------------------------+-----
Fighting       | 3 5 6 7 8 9 10 11 13 | 13.4
Dodging        | 3 4 6 7 9 10 11 12 13 | 13.3
Unarmed Combat | 4 5 7 8 9 11 12 13 15 | 15.6
Armour         | 3 6 7 |  7.4

Action                     |  1- 3 |  4- 6 |  7- 9 | 10-12 || total
---------------------------+-------+-------+-------+-------++-------
  Melee: Unarmed           |     9 |    20 |    40 |    23 ||    92
         Punch             |     1 |     1 |     1 |     4 ||     7
 Invoke: Berserk           |       |     1 |     2 |       ||     3
         Brothers in Arms  |       |       |     1 |     3 ||     4
  Evoke: Wand              |     1 |     3 |       |       ||     4
    Use: Scroll            |       |       |     1 |     2 ||     3
         Potion            |       |       |       |     1 ||     1
   Stab: Paralysed         |     4 |       |       |       ||     4
 Armour: Animal skin       |     2 |     7 |    32 |       ||    41
         Troll leather arm |       |       |     6 |    37 ||    43
  Dodge: Dodged            |       |     8 |    25 |    22 ||    55

Table legend: (Time is in decaauts)
 A = Elapsed time spent in this place.
 B = Non-inter-level travel time spent in this place.
 C = Inter-level travel time spent in this place.
 D = Time resting spent in this place.
 E = Time spent auto-exploring this place.
 F = Levels seen in this place.
 G = Mean time per level.
                   A        B        C        D        E       F      G
               +--------+--------+--------+--------+--------+-----+--------+
         Total |    878 |    850 |     28 |    236 |    155 |   1 |  878.0 |
       Dungeon |    878 |    850 |     28 |    236 |    155 |   1 |  878.0 |
               +--------+--------+--------+--------+--------+-----+--------+

Top non-repeatable levels by time:
       D: 878 daAuts
